Map: Dash and Terminal LE (Void)

Players

KIMCHISTYLE

  • Race: Protoss Protoss
  • League: Gold

ImotoFantasy - Winner!

  • Race: Protoss Protoss
  • League: Gold

VOD

Have the link to the VOD?

Description

Time

  • Played on: Oct. 25, 2015, 2:02 p.m.
  • Length: 5:33
Show
View Real Time Build Order
Export as new Build Order

KIMCHISTYLE Protoss 

Build Orders:  

Get SALT Encoding   

  12  0:01  Probe (Chrono Boost)  
  13  0:11  Probe (Chrono Boost)  
  14  0:18  Pylon  
  14  0:22  Probe (Chrono Boost)  
  15  0:37  Probe (Chrono Boost)  
  16  0:47  Probe (Chrono Boost)  
  17  0:57  Assimilator  
  17  0:58  Probe (Chrono Boost)  
  18  1:08  Nexus  
  18  1:19  Gateway  
  18  1:22  Probe (Chrono Boost)  
  19  1:35  Gateway  
  19  1:37  Probe (Chrono Boost)  
  20  1:40  Assimilator  
  20  1:49  Probe (Chrono Boost), Pylon  
  21  2:02  Probe (Chrono Boost)  
  21  2:08  Cybernetics Core  
  22  2:13  Probe (Chrono Boost)  
  25  2:21  Probe (Chrono Boost)  
  26  2:24  Probe (Chrono Boost)  
  26  2:26  Assimilator  
  27  2:32  Probe (Chrono Boost)  
  27  2:34  Probe (Chrono Boost)  
  27  2:42  Probe (Chrono Boost), Assimilator  
  28  2:45  Probe (Chrono Boost), Warp Gate (Chrono Boost)  
  28  2:48  Stalker  
  28  2:51  Probe  
  31  2:56  Probe  
  33  3:01  Probe  
  33  3:02  Stalker  
  36  3:08  Probe  
  36  3:12  Probe  
  37  3:15  Forge  
  37  3:18  Stalker, Pylon  
  40  3:20  Probe  
  40  3:23  Probe  
  42  3:32  Probe  
  43  3:34  Pylon  
  43  3:35  Probe  
  43  3:40  Stalker  
  46  3:46  Mothership Core, Probe  
  49  3:52  Stalker  
  51  3:56  Probe  
  52  4:07  Probe x2, Gateway  
  52  4:09  Gateway  
  52  4:22  Robotics Facility  
  48  4:26  Assimilator  
  48  4:31  Probe x2  
  48  4:43  Probe  
  45  4:49  Pylon  
  45  4:50  Pylon  
  45  4:52  Pylon  
  44  4:55  Stalker x2  
  44  4:58  Mothership Core (Chrono Boost)  
  41  5:13  Stalker  
  47  5:15  Stalker  
  47  5:17  Stalker  
Show
View Real Time Build Order
Export as new Build Order

ImotoFantasy Protoss - Winner!

Build Orders:  

Get SALT Encoding   

  12  0:01  Probe (Chrono Boost)  
  13  0:15  Pylon  
  13  0:18  Probe (Chrono Boost)  
  14  0:28  Probe (Chrono Boost)  
  15  0:39  Probe (Chrono Boost)  
  15  0:40  Gateway  
  16  0:44  Assimilator  
  16  0:49  Probe (Chrono Boost)  
  17  1:00  Probe (Chrono Boost)  
  18  1:11  Probe (Chrono Boost)  
  19  1:22  Probe (Chrono Boost)  
  20  1:28  Cybernetics Core  
  20  1:33  Probe (Chrono Boost)  
  21  1:45  Nexus  
  21  1:53  Probe (Chrono Boost)  
  22  1:59  Pylon  
  22  2:02  Warp Gate (Chrono Boost)  
  22  2:17  Stalker, Probe  
  25  2:23  Gateway  
  25  2:28  Gateway  
  25  2:30  Probe  
  26  2:42  Probe  
  27  2:47  Stalker  
  29  2:59  Probe  
  29  3:00  Probe  
  31  3:10  Probe  
  31  3:12  Probe  
  33  3:15  Assimilator  
  33  3:17  Stalker (Chrono Boost)  
  35  3:23  Pylon  
  35  3:24  Stalker (Chrono Boost)  
  35  3:26  Probe  
  35  3:27  Stalker (Chrono Boost)  
  40  3:31  Probe  
  41  3:38  Probe  
  41  3:41  Pylon  
  42  3:56  Stalker  
  42  3:59  Probe x2  
  42  4:01  Stalker  
  42  4:02  Stalker  
  50  4:23  Stalker  
  50  4:24  Stalker x2  
  54  4:34  Probe x2  
  52  4:43  Assimilator  
  52  4:46  Probe x2  
  52  4:47  Pylon  
  54  4:58  Stalker x3  
  60  5:09  Probe  
  60  5:10  Probe  
  62  5:15  Robotics Facility  
  62  5:28  Stalker x3  
Tags
 
Add a new tag
Caveats
  • Supply blocks, unpowered buildings, or Contaminate may cause inaccurate times.
  • Supply counts are checked every 10 seconds.